 Dungeon Crawl Stone Soup version 0.28-a0-932-g843f935a50 (webtiles) character file.

Game seed: 17139784969718269406

361 shoop the Sneak (level 6, 52/52 HPs)
             Began as a Naga Warper on Nov 27, 2021.
             Was an Initiate of the Shining One.
             Quit the game in the Ecumenical Temple on Nov 28, 2021.
             The game lasted 00:06:58 (4505 turns).

shoop the Sneak (Naga Warper)                       Turns: 4505, Time: 00:06:59

Health: 52/52      AC:  5    Str: 13    XL:     6   Next: 66%
Magic:  9/9        EV:  9    Int: 15    God:    the Shining One [......]
Gold:   179        SH:  0    Dex: 11    Spells: 7/9 levels left

rFire   . . .      SeeInvis +   g - +2 dagger (elec)
rCold   . . .      Faith    .   (no shield)
rNeg    . . .      Spirit   .   b - +0 leather armour
rPois   +          Reflect  .   (no helmet)
rElec   .          Harm     .   e - +0 cloak
rCorr   .          Rampage  .   o - +0 pair of gloves
Will    .....                   (no barding)
Stlth   +.........              (no amulet)
HPRegen 0.17/turn               (no ring)
MPRegen 0.11/turn               (no ring)

@: glowing, very slow
A: AC +2, large, see invisible, deformed body, poison resistance, slowness 2,
spit poison 1, naga tail 1
a: Spit Poison, Renounce Religion


You were in the Ecumenical Temple.
You worshipped the Shining One.
The Shining One was noncommittal.
You visited 2 branches of the dungeon, and saw 5 of its levels.

You collected 179 gold pieces.

Inventory:

Hand Weapons
 a - a +0 spear
 g - a +2 dagger of electrocution (weapon)
Missiles
 d - 5 boomerangs of dispersal (quivered)
Armour
 b - a +0 leather armour (worn)
 e - a +0 cloak (worn)
 o - a +0 pair of gloves (worn)
 w - a +4 plate armour
Magical Staves
 t - a staff of poison
Wands
 v - a wand of iceblast (7)
Scrolls
 c - 2 scrolls of blinking
 h - 4 scrolls of identify {unknown}
 j - a scroll of silence {unknown}
 k - a scroll of enchant armour {unknown}
 l - a scroll of magic mapping {unknown}
 p - 2 scrolls of teleportation {unknown}
 s - a scroll of amnesia {unknown}
 u - a scroll of enchant weapon {unknown}
Potions
 f - a potion of curing {unknown}
 i - 2 potions of cancellation {unknown}
 m - a potion of attraction {unknown}
 n - 2 potions of heal wounds {unknown}
 q - a potion of ambrosia {unknown}
 r - a potion of flight {unknown}


   Skills:
 - Level 2.0 Fighting
 + Level 4.0 Short Blades
 - Level 2.9 Polearms
 - Level 0.8 Throwing
 - Level 0.7 Armour
 - Level 1.5 Dodging
 + Level 6.9 Stealth
 - Level 2.0 Spellcasting
 - Level 3.0 Translocations
 + Level 0.0 Evocations


You had 7 spell levels left.
You knew the following spells:

 Your Spells              Type           Power      Damage    Failure   Level
a - Blink                 Tloc           20%        N/A       12%         2

Your spell library contained the following spells:

 Spells                   Type           Power      Damage    Failure   Level
 Gell's Gravitas          Tloc           10%        N/A       24%         3
 Lesser Beckoning         Tloc           10%        N/A       24%         3
 Teleport Other           Tloc           10%        N/A       24%         3
 Portal Projectile        Hex/Tloc       12%        N/A       41%         3
 Manifold Assault         Tloc           10%        N/A       92%         5
 Blade Hands              Tmut           0%         N/A       100%        5
 Excruciating Wounds      Necr           0%         N/A       100%        5
 Dispersal                Tloc           5%         N/A       100%        6


Dungeon Overview and Level Annotations

Branches:
Dungeon (4/15)             Temple (1/1) D:4

Altars:
Cheibriados
Elyvilon
Fedhas
Gozag
Kikubaaqudgha
Makhleb
Nemelex Xobeh
Okawaru
Qazlal
Ru
Sif Muna
Trog
Uskayaw
Vehumet
Wu Jian
Xom
Yredelemnul
Zin
The Shining One


Innate Abilities, Weirdness & Mutations

Your serpentine skin is tough. (AC +2)
You have supernaturally acute eyesight. (SInv)
Armour fits poorly on your strangely shaped body.
Your system is resistant to poisons. (rPois)
You cover ground very slowly.
You can spit poison.
You have a snake-like lower body.


Message History

There is a staircase to the Ecumenical Temple here.
You climb downwards.
Welcome to the Ecumenical Temple!
There is a staircase back to the Dungeon here.
Found a hide-covered altar of Uskayaw.
Found a burning altar of Makhleb.
Found a radiant altar of Vehumet and an iron altar of Okawaru.
Found an ancient bone altar of Kikubaaqudgha and a bloodstained altar of Trog.
Found a shimmering blue altar of Sif Muna.
Found a blossoming altar of Fedhas.
Found a sacrificial altar of Ru.
Found two altars.
Found a glowing silver altar of Zin.
Found a basalt altar of Yredelemnul.
Found a white marble altar of Elyvilon and a shimmering altar of Xom.
There is a basalt altar of Yredelemnul here.
Found a stormy altar of Qazlal.
Found an ornate altar of the Wu Jian Council.
Found an opulent altar of Gozag.
There is an opulent altar of Gozag here.
Done exploring.
Unknown command.
There is a sparkling altar of Nemelex Xobeh here.
You coil in front of the altar of Nemelex Xobeh.
Unknown command.
Press < or > to pray at altars.
Unknown command.
Press < or > to pray at altars.
Unknown command.
Press < or > to pray at altars.
Unknown command.
Press < or > to pray at altars.
Unknown command.
Press < or > to pray at altars.
There is a sparkling altar of Nemelex Xobeh here.
Save game and exit?
Welcome back, shoop the Naga Warper.
The Shining One says: Lead the forces of light to victory!
Press ? for a list of commands and other information.
You coil in front of the altar of Nemelex Xobeh.
Are you sure you want to abandon this character and quit the game? (Confirm with "yes".)

#........._...##.......####..
##............#.......#....##
#####........#...<...#......
#..####....#.......#......
##.....####.......##..._..
#.........###...#..#.....
#............#.#...#.....
#..._.........#....#.....
##......@....#.....#..._.
#..........#.......#....
#.........#...._...#....
#..._....#.........#....
##......#..........#...#
#.....#...._.......#.##
#....#........._...###
#...##.............#
##.#######.........##


There were no monsters in sight!

Vanquished Creatures
  2 ogres (D:4)
  A crimson imp (D:3)
  A bullfrog skeleton (D:4)
  An iguana (D:4)
  3 adders (D:2)
  An ufetubus (D:4)
  A worm (D:2)
  5 dart slugs
  2 orcs
  4 endoplasms
  5 giant cockroaches
  6 goblins
  6 hobgoblins
  3 quokkas (D:1)
  8 ball pythons
  4 bats
  3 frilled lizards
  2 goblin zombies (D:3)
  3 hobgoblin zombies (D:3)
  6 kobolds
  A kobold skeleton (D:3)
  A kobold zombie (D:3)
  An orc zombie (D:3)
  8 rats
78 creatures vanquished.

Notes
Turn   | Place    | Note
-------+----------+-------------------------------------------
     0 | D:1      | shoop the Naga Warper began the quest for the Orb.
     0 | D:1      | Reached XP level 1. HP: 19/19 MP: 3/3
    40 | D:1      | Found a faded altar of an unknown god.
    43 | D:1      | Reached skill level 1 in Stealth
    64 | D:1      | Reached XP level 2. HP: 21/26 MP: 5/5
    72 | D:1      | Learned a level 2 spell: Blink
   379 | D:1      | Reached skill level 2 in Stealth
   482 | D:1      | Reached XP level 3. HP: 11/32 MP: 6/6
  1216 | D:2      | Reached skill level 1 in Short Blades
  1216 | D:2      | Reached skill level 3 in Stealth
  1501 | D:2      | Reached XP level 4. HP: 28/39 MP: 7/7
  1903 | D:2      | Reached skill level 4 in Stealth
  2325 | D:3      | Found a glowing golden altar of the Shining One.
  2341 | D:3      | Became a worshipper of the Shining One
  2351 | D:3      | Reached XP level 5. HP: 4/45 MP: 8/8
  2354 | D:3      | HP: 2/45 [hobgoblin zombie (2)]
  3420 | D:4      | Reached skill level 5 in Stealth
  3454 | D:4      | Noticed an ogre
  3466 | D:4      | Killed an ogre
  3467 | D:4      | Reached skill level 6 in Stealth
  3467 | D:4      | Reached XP level 6. HP: 31/52 MP: 9/9
  4373 | D:4      | Found a staircase to the Ecumenical Temple.
  4379 | Temple   | Entered the Ecumenical Temple
  4505 | Temple   | Quit the game

Illustrated notes

Levels and vault maps discovered:
D:1:      onia_arrival_handbag, layout_basic,
          hellmonk_ecumenical_altar_arch_garden
D:2:      layout_basic
D:3:      layout_loops_corners, nicolae_tso_besieged_by_evil
D:4:      layout_basic, minmay_temple_entry_enclosed_plants,
          minmay_misc_feat_columns
Temple:   mainiacjoe_temple_coin_purse

Skill      XL: |  1  2  3  4  5  6 |
---------------+-------------------+-----
Stealth        | 1 2 3 4 6 |  6.9
Short Blades   | 1 2 3 4 |  4.0
Fighting       | |  2.0
Polearms       | |  2.9
Throwing       | |  0.8
Armour         | |  0.7
Dodging        | |  1.5
Spellcasting   | |  2.0
Translocations | |  3.0

Action                   |  1- 3 |  4- 6 || total
-------------------------+-------+-------++-------
Melee: Spear             |    67 |       ||    67
       Dagger            |    51 |   108 ||   159
 Abil: Spit Poison       |     7 |     7 ||    14
 Stab: Sleeping          |     5 |     2 ||     7
Armor: Leather armour    |    36 |    50 ||    86
Dodge: Dodged            |    44 |    79 ||   123

Table legend: (Time is in decaauts)
 A = Elapsed time spent in this place.
 B = Non-inter-level travel time spent in this place.
 C = Inter-level travel time spent in this place.
 D = Time resting spent in this place.
 E = Time spent auto-exploring this place.
 F = Levels seen in this place.
 G = Mean time per level.
                   A        B        C        D        E       F      G
               +--------+--------+--------+--------+--------+-----+--------+
         Total |   5535 |   5331 |    204 |      0 |   4627 |   5 | 1107.0 |
       Dungeon |   5359 |   5155 |    204 |      0 |   4484 |   4 | 1339.8 |
        Temple |    175 |    175 |      0 |      0 |    142 |   1 |  175.0 |
               +--------+--------+--------+--------+--------+-----+--------+

Top non-repeatable levels by time:
     D:3: 1568 daAuts
     D:1: 1316 daAuts
     D:2: 1271 daAuts
     D:4: 1203 daAuts
  Temple: 175 daAuts
